Map: 얼어붙은 사원

Players

llllllllllll - Winner!

  • Race: Zerg Zerg
  • League: Grandmaster

llllllllllll (Scarlett)

  • Race: Zerg Zerg
  • League: Grandmaster

VOD

Have the link to the VOD?

Description

Time

  • Played on: April 14, 2016, 3:26 a.m.
  • Length: 11:02
Show
View Real Time Build Order
Export as new Build Order

llllllllllll Zerg - Winner!

Build Orders: Hatch First, Muta Ling Bane 

Get SALT Encoding   

  12  0:00  Drone  
  13  0:12  Overlord  
  13  0:17  Drone  
  14  0:30  Drone  
  14  0:31  Drone  
  14  0:34  Drone  
  17  0:52  Hatchery  
  17  0:54  Drone  
  17  0:58  Drone  
  17  1:03  Extractor  
  17  1:13  Spawning Pool  
  17  1:15  Drone  
  17  1:19  Drone  
  18  1:28  Drone  
  19  1:38  Overlord  
  19  1:52  Drone  
  20  1:59  Queen  
  22  2:02  Zergling x2  
  22  2:03  Queen  
  22  2:04  Drone  
  22  2:05  Metabolic Boost  
  26  2:11  Drone  
  28  2:15  Drone  
  28  2:23  Drone  
  28  2:28  Baneling Nest  
  28  2:29  Drone  
  29  2:32  Zergling x2  
  30  2:47  Drone  
  30  2:49  Hatchery  
  30  2:52  Overlord  
  30  2:56  Drone x2  
  32  3:04  Drone  
  33  3:08  Overlord  
  33  3:16  Overlord  
  32  3:21  Drone x3  
  32  3:26  Queen  
  37  3:28  Drone x2  
  39  3:36  Overlord  
  39  3:38  Drone  
  39  3:40  Drone x2  
  43  3:48  Drone  
  43  3:49  Extractor, Roach Warren, Drone  
  43  3:53  Evolution Chamber  
  41  3:58  Lair  
  41  4:00  Drone  
  41  4:02  Drone  
  43  4:04  Drone  
  43  4:07  Drone  
  43  4:08  Drone  
  47  4:10  Drone  
  47  4:12  Drone  
  47  4:14  Drone  
  47  4:16  Drone  
  50  4:20  Drone  
  50  4:22  Zerg Missile Weapons Level 1  
  51  4:25  Extractor  
  51  4:26  Drone  
  51  4:30  Overlord  
  51  4:34  Drone x4  
  51  4:36  Drone  
  51  4:38  Overlord  
  55  4:41  Drone x2  
  57  4:47  Overlord  
  57  4:49  Roach x2  
  57  4:52  Roach  
  63  4:54  Roach  
  65  5:01  Glial Reconstitution  
  65  5:02  Roach x3  
  71  5:08  Roach x3  
  71  5:10  Overlord  
  77  5:14  Overseer  
  77  5:16  Roach x2  
  81  5:22  Overlord  
  81  5:25  Roach x3  
  87  5:31  Roach  
  87  5:32  Roach x3  
  87  5:35  Overlord  
  95  5:37  Roach  
  95  5:40  Extractor  
  95  5:42  Extractor  
  95  5:44  Drone x5  
  95  5:45  Drone  
  95  5:46  Drone  
  95  5:47  Drone  
  95  5:48  Drone  
  104  5:50  Drone  
  104  5:56  Extractor  
  104  5:59  Queen x2  
  108  6:10  Drone  
  109  6:14  Overlord  
  109  6:19  Spore Crawler  
  109  6:20  Spore Crawler  
  109  6:23  Spore Crawler  
  109  6:24  Spore Crawler  
  109  6:25  Spore Crawler  
  104  6:27  Spire  
  104  6:28  Zerg Missile Weapons Level 2  
  104  6:29  Overlord  
  103  6:37  Spore Crawler  
  101  6:47  Overlord  
  101  6:50  Drone x5  
  106  7:05  Overlord  
  106  7:25  Overlord  
  103  7:40  Mutalisk x10  
  103  7:41  Mutalisk x3  
  128  7:48  Zerg Flyer Weapons Level 1  
  123  7:51  Roach  
  123  7:52  Roach  
  123  7:54  Drone  
  127  8:07  Roach x7  
  127  8:12  Roach x3  
  137  8:14  Overlord  
  131  8:20  Overlord  
  131  8:21  Roach x4  
  134  8:30  Overlord  
  130  8:36  Roach  
  130  8:37  Roach  
  127  8:49  Roach x3  
  127  8:52  Roach x2  
  123  8:58  Roach  
  113  9:04  Roach x3  
  105  9:13  Roach x3  
  105  9:14  Roach x3  
  115  9:17  Centrifical Hooks  
  115  9:21  Drone  
  116  9:25  Drone x2  
  116  9:28  Drone  
  119  9:35  Drone  
  120  9:40  Drone x2  
  120  9:41  Drone  
  121  9:48  Drone  
  122  9:56  Zergling x4  
  122  9:57  Zergling x12  
  130  10:02  Zergling x2  
  127  10:18  Baneling  
  127  10:19  Baneling x15  
Show
View Real Time Build Order
Export as new Build Order

llllllllllll Zerg 

Build Orders: Hatch First 

Get SALT Encoding   

  12  0:02  Drone  
  13  0:09  Drone  
  14  0:18  Overlord  
  14  0:23  Extractor  
  14  0:24  Drone  
  15  0:37  Drone x2  
  17  0:53  Hatchery  
  17  0:55  Drone  
  17  0:59  Drone  
  18  1:12  Spawning Pool  
  18  1:15  Extractor  
  18  1:17  Drone  
  17  1:19  Drone  
  18  1:30  Drone  
  19  1:39  Overlord  
  19  1:52  Drone  
  20  1:59  Queen  
  20  2:00  Zergling x2  
  23  2:04  Queen  
  23  2:05  Zergling x2  
  26  2:14  Drone  
  27  2:26  Drone  
  27  2:27  Drone  
  29  2:35  Queen, Drone x2  
  33  2:42  Queen  
  35  2:44  Overlord  
  35  2:54  Roach Warren  
  34  2:59  Spine Crawler  
  34  3:01  Drone  
  34  3:04  Drone x2  
  36  3:16  Drone  
  36  3:17  Drone x4  
  36  3:19  Overlord  
  41  3:26  Overlord  
  41  3:29  Drone  
  41  3:33  Lair  
  42  3:39  Drone  
  42  3:40  Drone x2  
  45  3:48  Drone x2  
  47  3:49  Drone x3  
  47  3:50  Extractor  
  49  3:56  Drone x3  
  52  4:04  Evolution Chamber  
  52  4:09  Extractor  
  50  4:10  Extractor  
  50  4:13  Drone  
  50  4:14  Drone x2  
  52  4:18  Drone  
  52  4:19  Drone  
  52  4:21  Overlord  
  52  4:23  Drone x2  
  56  4:29  Zerg Missile Weapons Level 1  
  56  4:31  Hatchery  
  55  4:38  Spire, Overseer  
  54  4:43  Drone x3  
  54  4:45  Drone  
  58  4:53  Glial Reconstitution  
  58  4:58  Overlord  
  58  5:01  Roach, Drone x2  
  58  5:02  Roach  
  58  5:05  Roach x2  
  68  5:12  Overlord x2  
  68  5:45  Drone x4  
  68  5:46  Roach x2  
  68  5:47  Roach x2  
  80  5:50  Mutalisk x5  
  80  5:56  Mutalisk  
  96  6:00  Overlord  
  96  6:01  Overlord  
  96  6:07  Zerg Flyer Weapons Level 1  
  96  6:08  Overlord  
  92  6:20  Drone  
  92  6:21  Drone x7  
  92  6:24  Extractor  
  99  6:31  Overlord x2  
  99  6:32  Zerg Missile Weapons Level 2  
  99  6:36  Roach  
  99  6:37  Roach x2  
  105  6:42  Roach x3  
  105  6:46  Roach  
  113  6:50  Overlord  
  113  6:51  Drone x4  
  117  6:55  Baneling Nest  
  117  6:57  Overseer  
  116  7:01  Roach  
  116  7:02  Roach x2  
  122  7:12  Roach x7  
  136  7:20  Overlord  
  136  7:21  Overlord x2  
  136  7:25  Extractor  
  135  7:33  Hatchery  
  135  7:37  Roach x2  
  136  7:38  Overlord x2  
  136  7:39  Overlord x2  
  136  7:53  Roach x9  
  136  7:58  Hydralisk Den  
  149  8:02  Roach  
  149  8:03  Roach x2  
  141  8:19  Roach x6  
  111  8:36  Hydralisk x3  
  111  8:37  Hydralisk x6  
  111  8:41  Spore Crawler, Muscular Augments  
  126  8:51  Hydralisk  
  126  8:52  Hydralisk x3  
  114  8:56  Hydralisk  
  97  9:03  Hydralisk x3  
  97  9:04  Hydralisk  
  93  9:14  Hydralisk x3  
  99  9:29  Spore Crawler  
  98  9:31  Drone  
  98  9:32  Drone x6  
  98  9:37  Spore Crawler  
  103  9:44  Mutalisk x2  
  99  9:53  Drone  
  99  9:54  Drone x5  
  98  10:07  Drone x4  
  100  10:19  Mutalisk x3  
  105  10:29  Drone x3  
  105  10:35  Mutalisk, Drone x3  
Tags
 
Add a new tag
Caveats
  • Supply blocks, unpowered buildings, or Contaminate may cause inaccurate times.
  • Supply counts are checked every 10 seconds.